 Dungeon Crawl Stone Soup version 0.19.0-16-g73b5abf (webtiles) character file.

43 Patchouli the Chiller (level 3, -2/20 HPs)
             Began as a Deep Elf Ice Elementalist on Nov 11, 2016.
             Slain by an iron imp (8 damage)
             ... on level 5 of the Dungeon.
             The game lasted 00:04:50 (654 turns).

Patchouli the Chiller (Deep Elf Ice Elementalist)    Turns: 654, Time: 00:04:51

Health: -2/20      AC:  2    Str:  5    XL:     3   Next: 37%
Magic:  2/10       EV: 13    Int: 20    God:
Gold:   31         SH:  0    Dex: 15    Spells: 3 memorised, 3 levels left

rFire  . . .     SeeInvis .     e - +0 club
rCold  . . .     Gourm    .     a - +0 robe
rNeg   . . .     Faith    .     (no shield)
rPois  .         Spirit   .     (no helmet)
rElec  .         Reflect  .     (no cloak)
rCorr  .         Harm     .     (no gloves)
MR     .....                    (no boots)
Stlth  ++........               (no amulet)
                                (no ring)
                                (no ring)

@: no status effects
A: no striking features
a: no special abilities


You were on level 5 of the Dungeon.
You were not hungry.

You visited 1 branch of the dungeon, and saw 5 of its levels.

You collected 31 gold pieces.

Inventory:

Hand Weapons
 e - a +0 club (weapon)
Armour
 a - a +0 robe (worn)
 m - a +0 leather armour of fire resistance
Scrolls
 g - a scroll of blinking {unknown}
 l - a scroll of recharging {unknown}
Potions
 f - a potion of magic {unknown}
 i - a potion of berserk rage {unknown}
 k - a potion of haste {unknown}
Books
 b - a book of Frost

   Spells                             Type                      Level
   a - Freeze                         Ice                          1
   b - Throw Frost                    Conjuration/Ice              2
   c - Ozocubu's Armour               Charms/Ice                   3
   d - Throw Icicle                   Conjuration/Ice              4
   e - Summon Ice Beast               Ice/Summoning                4
Comestibles
 c - 2 bread rations
 d - a meat ration
 h - a slice of pizza
 j - a chunk of flesh


   Skills:
 + Level 1.0 Fighting
 + Level 3.2 Dodging
 - Level 2.4 Stealth
 * Level 3.7 Spellcasting
 - Level 1.1 Conjurations
 + Level 3.7 Ice Magic


You had 3 spell levels left.
You knew the following spells:

 Your Spells              Type           Power        Failure   Level  Hunger
a - Freeze                Ice            ###.         2%          1    None
b - Throw Frost           Conj/Ice       ##....       10%         2    ##.....
c - Ozocubu's Armour      Chrm/Ice       ##......     21%         3    ###....


Dungeon Overview and Level Annotations

Branches:
Dungeon (5/15)
 Temple: D:4-7

Altars:
Cheibriados
Gozag
Hepliaklqana
Qazlal


Message History

You freeze the iron imp.
The iron imp resists.
The iron imp is severely wounded.
The iron imp hits you.
* * * LOW HITPOINT WARNING * * *
Casting: Freeze
Confirm with . or Enter, or press ? or * to list all spells.
Aiming: Freeze
Press: ? - help, Shift-Dir - straight line, f/p - iron imp
Aim: an iron imp (severely wounded)
You freeze the iron imp.
The iron imp resists.
The iron imp is severely wounded.
Casting: Freeze
Confirm with . or Enter, or press ? or * to list all spells.
Aiming: Freeze
Press: ? - help, Shift-Dir - straight line, f/p - iron imp
Aim: an iron imp (severely wounded)
You freeze the iron imp.
The iron imp resists.
The iron imp is almost dead.
The iron imp hits you!
You die...

# #####.#
#...#.#
#.....#
#..<#
##.####
#...%#
#$##.###
##@....#
#.5...#
#.....#
.........
.........
...._.....
..........
...........


You could see an iron imp.

Vanquished Creatures
  2 adders
  A leopard gecko (D:2)
  6 bats
  2 goblins
  6 hobgoblins
  4 kobolds
  4 rats
25 creatures vanquished.

Notes
Turn   | Place    | Note
-------+----------+-------------------------------------------
     0 | D:1      | Patchouli the Deep Elf Ice Elementalist began the quest for the Orb.
     0 | D:1      | Reached XP level 1. HP: 10/10 MP: 6/6
   164 | D:2      | Found a hazy altar of Hepliaklqana.
   169 | D:2      | Reached XP level 2. HP: 11/16 MP: 2/8
   173 | D:2      | Learned a level 2 spell: Throw Frost
   386 | D:2      | Noticed an air elemental
   388 | D:2      | Found a stormy altar of Qazlal.
   389 | D:2      | Noticed a water elemental
   389 | D:2      | Noticed an earth elemental
   389 | D:2      | Noticed a fire elemental
   552 | D:3      | Reached XP level 3. HP: 19/20 MP: 6/10
   553 | D:3      | Reached skill level 1 in Fighting
   558 | D:3      | Learned a level 3 spell: Ozocubu's Armour
   638 | D:4      | Found an opulent altar of Gozag.
   641 | D:5      | Entered Level 5 of the Dungeon
   643 | D:5      | Found a snail-covered altar of Cheibriados.
   654 | D:5      | Slain by an iron imp

Skill      XL: |  1  2  3 |
---------------+----------+-----
Dodging        | 3 |  3.2
Fighting       | 1 |  1.0
Stealth        | |  2.4
Spellcasting   | |  3.7
Conjurations   | |  1.1
Ice Magic      | |  3.7

Action                   || total
-------------------------++-------
Melee: Club              ||     1
 Cast: Freeze            ||    44
Armor: Robe              ||     3
Dodge: Dodged            ||    25
